 Dungeon Crawl Stone Soup version 0.20.1-1-g8b1a95d (webtiles) character file.

5434 homeworkjunkie the Cleaver (level 10, 0/86 HPs)
             Began as a Hill Orc Fighter on Nov 26, 2017.
             Was a Priest of Okawaru.
             Succumbed to a killer bee's poison
             ... on level 11 of the Dungeon.
             The game lasted 00:17:03 (8782 turns).

homeworkjunkie the Cleaver (Hill Orc Fighter)       Turns: 8782, Time: 00:17:04

Health: 0/86       AC: 21    Str: 26    XL:     10   Next: 68%
Magic:  13/13      EV: 16    Int:  8    God:    Okawaru [***...]
Gold:   321        SH: 19    Dex: 17    Spells: 9/9 levels left

rFire    . . .     SeeInvis .   a - +1 war axe
rCold    . . .     Gourm    .   c - +0 shield
rNeg     . . .     Faith    .   x - +1 chain mail
rPois    .         Spirit   .   q - +2 helmet
rElec    .         Reflect  +   s - +2 cloak
rCorr    +         Harm     .   y - +2 pair of gloves
MR       .....                  (no boots)
Stlth    ..........             e - +6 amulet of reflection
Regen    0.3/turn               o - +3 ring of evasion
MPRegen  0.2/turn               p - ring of resist corrosion

@: mighty, agile, lethally poisoned (0 -> -12), drained
A: no striking features
a: Heroism, Renounce Religion


You were on level 11 of the Dungeon.
You worshipped Okawaru.
Okawaru was most pleased with you.
You were not hungry.

You visited 3 branches of the dungeon, and saw 13 of its levels.

You collected 493 gold pieces.
You spent 172 gold pieces at shops.

Inventory:

Hand Weapons
 a - a +1 war axe (weapon)
Armour
 c - a +0 shield (worn)
 q - a +2 helmet (worn)
 s - a +2 cloak (worn)
 x - a +1 chain mail (worn)
 y - a +2 pair of gloves (worn)
Jewellery
 e - a +6 amulet of reflection (around neck)
 o - a +3 ring of evasion (left hand)
 p - a ring of resist corrosion (right hand)
 r - an uncursed ring of flight
Wands
 d - a wand of lightning (9/15)
 t - a wand of flame (15/48)
 w - a wand of acid (5/15)
Scrolls
 g - 2 scrolls of remove curse
 i - 2 scrolls of teleportation
 j - 3 scrolls of identify
Potions
 h - a potion of might
 k - a potion of berserk rage
 m - a potion of brilliance
 n - a potion of agility
 u - a potion of cancellation
Comestibles
 b - a royal jelly
 f - 7 bread rations
 l - a meat ration


   Skills:
 * Level 7.2(7.0) Fighting
 * Level 12.5(12.2) Axes
 * Level 6.7(6.5) Armour
 + Level 1.7(1.5) Dodging
 * Level 9.6(9.4) Shields
 * Level 4.2(4.0) Evocations


You had 9 spell levels left.
You didn't know any spells.

Dungeon Overview and Level Annotations

Branches:
Dungeon (11/15)            Temple (1/1) D:7            Lair (1/6) D:9
    Orc: D:9-12

Altars:
Ashenzari
Cheibriados
Dithmenos
Gozag
Hepliaklqana
Kikubaaqudgha
Makhleb
Nemelex Xobeh
Okawaru
Ru
Sif Muna
Trog
Uskayaw
Xom
Yredelemnul
Zin
The Shining One
Lugonu

Shops:
D:5 (([[

Annotations:
D:11 ThereIsNoGod's ghost, journeyman HuWn


Message History

* * * LOW HITPOINT WARNING * * *
You feel sick.
The killer bee stings you but does no damage.
You block the killer bee's attack.
* * * LOW HITPOINT WARNING * * *
You feel sick. You block the killer bee's attack.
Okay, then.
* * * LOW HITPOINT WARNING * * *
You feel sick. The killer bee misses you.
* * * LOW HITPOINT WARNING * * *
You feel sick.
The killer bee stings you but does no damage.
The killer bee completely misses you.
* * * LOW HITPOINT WARNING * * *
You feel sick. You block the killer bee's attack. x2
The killer bee stings you but does no damage.
* * * LOW HITPOINT WARNING * * *
You feel sick.
The killer bee stings you but does no damage.
You die...

.###............##
#..yyyy..
..>..#######.....##
#....yy.. #..###
##.....# ##.Wyy...
#..# #.....##
##.y.... #..#
#......## ##.....
#..# ##......##
###... #..#
#..#....# #.. #.##
#...##...# ## #.#
##.@# #..# #.# #..#
#..# #)# #yy## #..#
#)# ##S.# #.. #)#
#Z.# .. #.# #..#
#.# ##D## #.# #y.#
#.# #oz#


You could see an eight-headed hydra, 3 killer bees, an adder and a centaur
warrior skeleton.

Vanquished Creatures
  Pikel (D:6)
  A troll (D:11)
  A hippogriff (D:10)
  A spriggan (D:7)
  A porcupine (Lair:1)
  Duvessa (D:5)
  An ice beast (D:7)
  3 sky beasts (D:8)
  A hornet zombie (D:8)
  An orc warrior (D:6)
  3 black bears
  2 ogres
  A phantom (D:8)
  A centaur (D:5)
  A big kobold (D:9)
  A bullfrog (D:8)
  Dowan (D:5)
  5 scorpions
  11 killer bees (D:11)
  5 wights (D:11)
  A howler monkey (D:9)
  4 crimson imps
  5 hounds
  4 orc priests
  3 jellies
  2 centaur skeletons
  Crazy Yiuf (D:3)
  3 orc wizards
  An iguana (D:4)
  5 worker ants
  A worker ant zombie (D:6)
  4 gnolls (D:4)
  16 adders
  2 shadow imps (D:5)
  An ooze (D:3)
  An adder skeleton (D:5)
  4 worms
  3 dart slugs (D:2)
  5 leopard geckos
  25 orcs
  3 ball pythons
  5 giant cockroaches
  15 goblins
  8 hobgoblins
  8 jackals
  12 kobolds
  6 quokkas
  A ball python skeleton (D:5)
  13 bats
  5 frilled lizards
  A quokka skeleton (D:9)
  3 rats
  A fungus (D:3)
215 creatures vanquished.

Vanquished Creatures (others)
  A manticore (D:11)
  A centaur (D:8)
  An orc wizard (D:6)
  An orc (D:6)
  2 kobolds
6 creatures vanquished.

Grand Total: 221 creatures vanquished

Notes
Turn   | Place    | Note
-------+----------+-------------------------------------------
     0 | D:1      | homeworkjunkie the Hill Orc Fighter began the quest for the Orb.
     0 | D:1      | Reached XP level 1. HP: 19/19 MP: 1/1
   107 | D:1      | Reached XP level 2. HP: 25/27 MP: 2/2
   161 | D:2      | Reached skill level 3 in Axes
   231 | D:1      | You fall through a shaft!
   456 | D:1      | Reached XP level 3. HP: 31/33 MP: 3/3
  1028 | D:2      | Found a shimmering altar of Xom.
  1316 | D:2      | Reached XP level 4. HP: 8/40 MP: 4/4
  1991 | D:3      | Reached skill level 4 in Axes
  2083 | D:3      | Reached XP level 5. HP: 45/47 MP: 5/5
  2656 | D:3      | Found a runed door.
  2660 | D:3      | Noticed Crazy Yiuf
  2667 | D:3      | Killed Crazy Yiuf
  2667 | D:3      | Reached skill level 5 in Shields
  2667 | D:3      | Reached XP level 6. HP: 40/53 MP: 6/6
  3155 | D:3      | Reached skill level 5 in Axes
  3464 | D:5      | Entered Level 5 of the Dungeon
  3597 | D:5      | Reached skill level 6 in Axes
  3597 | D:5      | Reached XP level 7. HP: 60/60 MP: 7/7
  3628 | D:5      | Found Gokyriy Ynwe's Antique Armour Emporium.
  3815 | D:4      | Found a shattered altar of Ashenzari.
  3827 | D:4      | Reached skill level 5 in Fighting
  4057 | D:4      | Reached skill level 1 in Dodging
  4067 | D:4      | Reached skill level 1 in Evocations
  4783 | D:5      | Found a sacrificial altar of Ru.
  4796 | D:5      | Found Fiusec's Antique Armour Shop.
  4796 | D:5      | Noticed Duvessa
  4799 | D:5      | Noticed Dowan
  4807 | D:5      | Killed Duvessa
  4807 | D:5      | Reached skill level 7 in Axes
  4807 | D:5      | Reached XP level 8. HP: 68/68 MP: 9/9
  4815 | D:5      | Killed Dowan
  4857 | D:5      | Bought a runed helmet for 172 gold pieces
  5056 | D:5      | Reached skill level 8 in Axes
  5065 | D:5      | Found Domil's Antique Weapon Shoppe.
  5316 | D:5      | Found Ighopp's Antique Weapon Shoppe.
  5710 | D:6      | Reached skill level 5 in Armour
  5767 | D:6      | Noticed Pikel
  5818 | D:6      | Killed Pikel
  5818 | D:6      | Reached skill level 9 in Axes
  5818 | D:6      | Reached XP level 9. HP: 67/75 MP: 9/11
  6084 | D:6      | Reached skill level 10 in Axes
  6367 | D:6      | Found a snail-covered altar of Cheibriados.
  6368 | D:6      | Found a deep blue altar of Sif Muna.
  6368 | D:6      | Found a bloodstained altar of Trog.
  6392 | D:6      | Found a shattered altar of Ashenzari.
  6683 | D:7      | Found a basalt altar of Yredelemnul.
  6692 | D:7      | Found a glowing golden altar of the Shining One.
  6806 | D:7      | Noticed a profane servitor
  6952 | D:7      | Found a staircase to the Ecumenical Temple.
  6957 | Temple   | Entered the Ecumenical Temple
  6973 | Temple   | Became a worshipper of Warmaster Okawaru
  7101 | D:8      | Found an opulent altar of Gozag.
  7330 | D:7      | Found a shadowy altar of Dithmenos.
  7663 | D:7      | Noticed an angel
  7754 | D:8      | Reached * piety under Okawaru
  7826 | D:8      | Reached skill level 11 in Axes
  7952 | D:10     | Entered Level 10 of the Dungeon
  7963 | D:9      | Reached XP level 10. HP: 83/84 MP: 12/12
  7979 | D:9      | Found a sparkling altar of Nemelex Xobeh.
  8034 | D:9      | Found a staircase to the Lair.
  8042 | Lair:1   | Entered Level 1 of the Lair of Beasts
  8162 | D:10     | Reached ** piety under Okawaru
  8189 | D:11     | Noticed a manticore
  8190 | D:11     | Noticed an eight-headed hydra
  8197 | D:11     | Noticed ThereIsNoGod's ghost (journeyman HuWn)
  8199 | D:11     | Killed a manticore
  8199 | D:11     | Reached skill level 12 in Axes
  8397 | D:11     | Noticed a green ugly thing
  8398 | D:11     | Noticed a kobold demonologist
  8399 | D:11     | Noticed a kobold demonologist
  8765 | D:11     | Reached *** piety under Okawaru
  8779 | D:11     | HP: 4/86 [poisoned by a killer bee]
  8782 | D:11     | Succumbed to a killer bee's poison

Skill      XL: |  1  2  3  4  5  6  7  8  9 10 |
---------------+-------------------------------+-----
Axes           | 3 4 6 7 9 11 12 | 12.5
Fighting       | 4 5 6 7 |  7.2
Shields        | 4 5 6 7 8 9 |  9.6
Armour         | 4 5 6 |  6.7
Dodging        | 1 |  1.7
Evocations     | 1 2 3 4 |  4.2

Action                   |  1- 3 |  4- 6 |  7- 9 | 10-12 || total
-------------------------+-------+-------+-------+-------++-------
Melee: War axe           |   145 |   203 |   379 |   150 ||   877
Evoke: Wand              |       |       |     2 |     3 ||     5
  Use: Scroll            |     6 |     2 |    10 |     3 ||    21
       Potion            |     3 |     3 |     4 |     5 ||    15
  Eat: Bread ration      |     1 |     1 |     2 |       ||     4
       Royal jelly       |     1 |     1 |       |       ||     2
       Meat ration       |       |       |     1 |       ||     1
Armor: Scale mail        |    66 |    41 |    51 |       ||   158
       Chain mail        |       |       |    54 |   110 ||   164
Dodge: Dodged            |    32 |    55 |    95 |    60 ||   242
Block: Shield            |   102 |   179 |   325 |   194 ||   800
       Reflection        |       |     7 |    14 |     7 ||    28
